 Dungeon Crawl Stone Soup version 0.28.0-43-g3370ac3207 (webtiles) character file.

Game seed: 12943850825915690720

1810 demenzo the Fighter (level 9, -8/150 HPs)
             Began as an Ogre Berserker on Mar 10, 2022.
             Was a Believer of Trog.
             Mangled by a manticore (9 damage)
             ... on level 7 of the Dungeon.
             The game lasted 00:06:16 (8361 turns).

demenzo the Fighter (Ogre Berserker)                Turns: 8361, Time: 00:06:17

Health: -8/150     AC:  3    Str: 33    XL:     9   Next: 10%
Magic:  9/9        EV: 10    Int:  8    God:    Trog [**....]
Gold:   315        SH:  0    Dex:  8    Spells: 8/8 levels left

rFire   . . .      SeeInvis .   a - +0 flail
rCold   . . .      Faith    .   (no shield)
rNeg    + . .      Spirit   .   D - +0 animal skin
rPois   +          Reflect  .   (helmet restricted)
rElec   .          Harm     .   (no cloak)
rCorr   .          Rampage  .   (gloves unavailable)
Will    .....                   (boots unavailable)
Stlth   ..........              s - amulet of Diequg {RegenMP rPois rN+}
HPRegen 0.35/turn               x - +6 ring of strength
MPRegen 0.51/turn               (no ring)

@: berserking, very quick
A: large, unfitting armour, tough skin 1
a: Renounce Religion, Berserk, Trog's Hand


You were on level 7 of the Dungeon.
You worshipped Trog.
Trog was pleased with you.
You visited 1 branch of the dungeon, and saw 7 of its levels.

You collected 315 gold pieces.

Inventory:

Hand Weapons
 a - a +0 flail (weapon)
 b - a +0 dagger of venom
 t - a +0 mace
Missiles
 e - 52 sling bullets
 f - 52 bolts
 g - 147 stones (quivered)
 k - 5 javelins
 z - 3 poisoned darts
Armour
 D - a +0 animal skin (worn)
Jewellery
 i - an amulet of reflection
 s - the amulet of Diequg (around neck) {RegenMP rPois rN+}
   (You took it off an orc on level 4 of the Dungeon)

   [amulet of magic regeneration]

   It increases your rate of magic regeneration.
   rPois:     It protects you from poison.
   rN:        It protects you from negative energy.
 v - a +6 ring of intelligence
 x - a +6 ring of strength (left hand)
Wands
 o - a wand of digging (6)
 y - a wand of paralysis (7)
Scrolls
 c - 2 scrolls of enchant armour {unknown}
 d - a scroll of teleportation {unknown}
 j - a scroll of amnesia {unknown}
 n - a scroll of fear {unknown}
 r - 2 scrolls of vulnerability {unknown}
 A - a scroll of identify {unknown}
 F - a scroll of blinking {unknown}
Potions
 h - 4 potions of curing {unknown}
 l - 3 potions of heal wounds {unknown}
 m - a potion of cancellation {unknown}
 p - a potion of attraction {unknown}
 q - 2 potions of flight {unknown}
 u - a potion of mutation {unknown}
 w - 2 potions of brilliance {unknown}
 B - a potion of magic {unknown}
 C - a potion of lignification {unknown}
 E - a potion of might {unknown}


   Skills:
 + Level 9.5 Fighting
 * Level 9.0 Maces & Flails
 - Level 3.0 Dodging


You had 8 spell levels left.
You didn't know any spells.
Your spell library was empty.

Dungeon Overview and Level Annotations

Branches:
Dungeon (7/15)             Temple (0/1) D:5

Altars:
Ashenzari
Wu Jian
Yredelemnul

Annotations:
D:6 2 transporters, vvl's ghost, novice DsVM


Innate Abilities, Weirdness & Mutations

You are too large for most types of armour.
You have tough skin. (AC +1)


Message History

You sock the orc priest!
You kill the orc priest!
Trog accepts your kill. The manticore barely misses you.
The manticore claws you. x2
A manticore is nearby!
A red film seems to cover your vision as you go berserk!
You feel yourself moving faster!
You feel mighty! The manticore barely misses you. The manticore claws you! x2
You hit the manticore.
The manticore is lightly wounded.
The manticore bites you! The manticore claws you!
The manticore completely misses you.
You bludgeon the manticore!!
The manticore is moderately wounded.
The manticore bites you!!
* * * LOW HITPOINT WARNING * * *
The manticore claws you.
* * * LOW HITPOINT WARNING * * *
The manticore claws you.
* * * LOW HITPOINT WARNING * * *
You barely miss the manticore.
The manticore is moderately wounded.
Unknown command.
You hit the manticore.
The manticore is heavily wounded.
The manticore bites you.
* * * LOW HITPOINT WARNING * * *
The manticore completely misses you. The manticore claws you!
* * * LOW HITPOINT WARNING * * *
Unknown command.
You hit the manticore but do no damage.
The manticore is heavily wounded.
Unknown command.
You bludgeon the manticore!!
The manticore is almost dead.
The manticore bites you.
* * * LOW HITPOINT WARNING * * *
The manticore claws you but does no damage.
The manticore claws you!
You die...

# .. #.#.#.
#.#.#.
#..!#.
#.....
#.#...#+###
#....)H...#
#...@...#
#.......#
#...<...#
#.......#
#.......#
#.#####.#
#. .# #. .#


You could see a manticore.

Vanquished Creatures
  Eustachio (D:4)
  Duvessa (D:6)
  A water moccasin (D:5)
  3 sky beasts
  2 phantoms
  2 water moccasin skeletons
  Dowan (D:6)
  4 wights (D:6)
  2 bullfrog zombies (D:6)
  A jelly (D:5)
  A bullfrog skeleton (D:6)
  3 orc priests
  5 hounds
  2 centaur skeletons
  3 iguanas
  2 hound skeletons (D:5)
  8 adders
  A shadow imp (D:5)
  An ufetubus (D:6)
  A worm (D:2)
  4 dart slugs
  15 orcs
  9 ball pythons
  6 bats
  6 endoplasms
  7 giant cockroaches
  3 goblins
  9 hobgoblins
  4 jackals (D:1)
  2 quokkas (D:2)
  A frilled lizard (D:1)
  9 kobolds
  A quokka skeleton (D:4)
  8 rats
129 creatures vanquished.

Notes
Turn   | Place    | Note
-------+----------+-------------------------------------------
     0 | D:1      | demenzo the Ogre Berserker began the quest for the Orb.
     0 | D:1      | Reached XP level 1. HP: 24/24 MP: 1/1
     6 | D:1      | Noticed an anaconda
     6 | D:1      | Noticed a black bear
     6 | D:1      | Noticed a wolf
     7 | D:1      | Noticed a redback
   187 | D:1      | Reached XP level 2. HP: 31/32 MP: 2/2
   450 | D:1      | Reached XP level 3. HP: 39/40 MP: 3/3
  1171 | D:2      | Reached ** piety under Trog
  1777 | D:3      | Reached XP level 4. HP: 39/49 MP: 4/4
  2511 | D:3      | Reached skill level 5 in Fighting
  2868 | D:4      | Noticed Eustachio
  2883 | D:4      | Killed Eustachio
  2884 | D:4      | Reached skill level 5 in Maces & Flails
  2884 | D:4      | Reached XP level 5. HP: 59/59 MP: 5/5
  2884 | D:4      | Reached XP level 6. HP: 67/67 MP: 6/6
  3343 | D:4      | Identified the amulet of Diequg {RegenMP rPois rN+}
  3534 | D:4      | Reached XP level 7. HP: 61/76 MP: 7/7
  4468 | D:5      | Entered Level 5 of the Dungeon
  4751 | D:5      | Found a basalt altar of Yredelemnul.
  4888 | D:5      | Reached XP level 8. HP: 88/88 MP: 8/8
  5721 | D:5      | Found a broken altar of Ashenzari.
  5856 | D:5      | Found a staircase to the Ecumenical Temple.
  6741 | D:6      | Found a transporter.
  6858 | D:6      | Noticed vvl's ghost (novice DsVM)
  6861 | D:6      | Found a transporter.
  7963 | D:6      | Found an ornate altar of the Wu Jian Council.
  7963 | D:6      | Noticed Duvessa
  7963 | D:6      | Noticed Dowan
  7979 | D:6      | Killed Duvessa
  7980 | D:6      | Reached XP level 9. HP: 40/98 MP: 9/9
  7987 | D:6      | Killed Dowan
  8348 | D:7      | Noticed a manticore
  8359 | D:7      | HP: 7/150 [manticore (11)]
  8361 | D:7      | HP: 1/150 [manticore (6)]
  8361 | D:7      | Mangled by a manticore

Illustrated notes

Levels and vault maps discovered:
D:1:      onia_arrival_zoo_common, layout_rooms, serial_corexii_hall,
          corexii_hall_statues_s, corexii_hall_statues_i
D:2:      minmay_kobold_bridge, layout_basic
D:3:      layout_loops_ring, ebering_dispersal_statue_hall
D:4:      layout_loops_corners, grunt_decor_resistance,
          kennysheep_generic_room_11, uniq_eustachio
D:5:      layout_basic, mainiacjoe_overflow_alcove_2,
          mainiacjoe_overflow_small_starburst, temple_doors_ab, minivault_27
D:6:      layout_layer_cave, lemuel_round_altar, gammafunk_ghost_arena,
          chequers_mini_garden, nicolae_figureground_sparkle, uniq_duvessa
D:7:      layout_basic, lemuel_crystal_altar, minmay_bent

Skill      XL: |  1  2  3  4  5  6  7  8  9 |
---------------+----------------------------+-----
Maces & Flails | 3 5 7 8 9 |  9.0
Dodging        | 3 |  3.0
Fighting       | 5 6 7 9 |  9.5

Action                   |  1- 3 |  4- 6 |  7- 9 || total
-------------------------+-------+-------+-------++-------
Melee: Mace              |   138 |   135 |    39 ||   312
       Punch             |     1 |     2 |     4 ||     7
       Flail             |       |       |   152 ||   152
       Dagger            |       |       |    48 ||    48
Invok: Berserk           |       |     3 |     8 ||    11
 Stab: Sleeping          |       |     1 |       ||     1
Armor: Animal skin       |    53 |    31 |    57 ||   141
Dodge: Dodged            |    85 |    66 |   128 ||   279
Block: Other             |     7 |    33 |       ||    40
       Reflection        |     1 |       |       ||     1
